 Dungeon Crawl Stone Soup version 0.29.1-1-gd02db6906a (webtiles) character file.

Game seed: 12306486762192155625

12898 LustLizard the Grappler (level 11, 0/111 HPs)
             Began as a Troll Fighter on Sept 23, 2022.
             Was an Elder of Wu Jian.
             Slain by Snorg (3 damage)
             ... on level 11 of the Dungeon.
             The game lasted 00:22:20 (10889 turns).

LustLizard the Grappler (Troll Fighter)            Turns: 10889, Time: 00:22:21

Health: 0/111      AC:  8    Str: 31    XL:     11   Next: 68%
Magic:  10/10      EV:  9    Int:  8    God:    Wu Jian [****..]
Gold:   784        SH: 14    Dex:  9    Spells: 10/10 levels left

rFire   + . .      SeeInvis .     - Unarmed
rCold   . . .      Faith    .   b - +0 kite shield
rNeg    . . .      Spirit   .   D - +1 robe {rC+}
rPois   .          Reflect  +   B - +1 hat
rElec   .          Harm     .   k - +1 cloak
rCorr   .          Rampage  .   (gloves unavailable)
Will    .....                   (boots unavailable)
Stlth   +.........              S - amulet of reflection
HPRegen 1.08/turn               T - +4 ring of slaying
MPRegen 0.12/turn               F - ring of Weckeomp {Fire Str+5}

@: no status effects
A: large, unfitting armour, claws 3, regeneration 1, shaggy fur 1, tough skin 1
a: Renounce Religion, Wall Jump, Serpent's Lash


You were on level 11 of the Dungeon.
You worshipped Wu Jian.
Wu Jian was greatly pleased with you.
You visited 2 branches of the dungeon, and saw 12 of its levels.

You collected 784 gold pieces.

Inventory:

Hand Weapons
 i - the +8 trident of the Octopus King {venom, rElec rPois}
   (You found it on level 2 of the Dungeon)

   It poisons the flesh of those it strikes.
   rElec:     It insulates you from electricity.
   rPois:     It protects you from poison.
 L - a +4 trident of venom
Missiles
 h - 68 stones
 t - 18 boomerangs
 w - 12 poisoned darts (quivered)
 O - a throwing net
 R - a curare-tipped dart
Armour
 a - a +0 robe
 b - a +0 kite shield (worn)
 k - a +1 cloak (worn)
 B - a +1 hat (worn)
 D - a +1 robe of cold resistance (worn)
Jewellery
 g - a ring of see invisible
 q - a ring of ice
 x - a +4 ring of evasion
 A - an amulet of faith
 F - the ring of Weckeomp (right claw) {Fire Str+5}
   (You found it on level 6 of the Dungeon)

   [ring of fire]

   It enhances your fire magic.
   Str:       It affects your strength (+5).
   rF:        It protects you from fire.
   rC:        It makes you vulnerable to cold.
 I - a ring of positive energy
 P - a ring of fire
 S - an amulet of reflection (around neck)
 T - a +4 ring of slaying (left claw)
Wands
 c - a wand of iceblast (3)
 H - a wand of charming (28)
 K - a wand of polymorph (8)
Scrolls
 n - a scroll of brand weapon {unknown}
 o - 2 scrolls of noise {unknown}
 p - a scroll of torment {unknown}
 r - 5 scrolls of teleportation
 s - 4 scrolls of vulnerability {unknown}
 u - 4 scrolls of poison {unknown}
 v - 3 scrolls of immolation
 y - a scroll of acquirement {unknown}
 C - a scroll of enchant weapon {unknown}
 E - 2 scrolls of enchant armour
 N - a scroll of silence {unknown}
 Q - a scroll of amnesia {unknown}
 U - a scroll of blinking {unknown}
 V - a scroll of summoning {unknown}
Potions
 d - 4 potions of brilliance
 e - a potion of resistance
 f - 2 potions of lignification
 j - 4 potions of degeneration
 l - 8 potions of curing
 m - 3 potions of heal wounds
 z - a potion of haste
 G - 5 potions of magic
 J - a potion of might
 M - a potion of mutation


   Skills:
 + Level 8.1 Fighting
 + Level 4.9 Dodging
 + Level 8.9 Shields
 * Level 13.0 Unarmed Combat


You had 10 spell levels left.
You didn't know any spells.
Your spell library contained the following spells:

 Spells                   Type           Power      Damage    Failure   Level
 Apportation              Tloc           0%         N/A       63%         1
 Necrotise                Necr           0%         1d4       63%         1
 Summon Small Mammal      Summ           0%         N/A       63%         1
 Call Canine Familiar     Summ           0%         N/A       94%         3
 Ignite Poison            Fire/Tmut/Pois 0%         N/A       94%         3
 Mephitic Cloud           Conj/Pois/Air  0%         N/A       94%         3
 Portal Projectile        Hex/Tloc       0%         N/A       94%         3
 Corpse Rot               Necr/Pois/Air  0%         N/A       100%        4
 Dispel Undead            Necr           0%         3d6       100%        4
 Leda's Liquefaction      Hex/Erth       0%         N/A       100%        4
 Freezing Cloud           Conj/Ice/Air   0%         6-21      100%        5
 Death Channel            Necr           0%         N/A       100%        6


Dungeon Overview and Level Annotations

Branches:
Dungeon (11/15)            Temple (1/1) D:6            Lair (0/5) D:11
    Orc (0/2) D:10

Altars:
Ashenzari
Cheibriados
Dithmenos
Elyvilon
Fedhas
Gozag
Hepliaklqana
Kikubaaqudgha
Makhleb
Nemelex Xobeh
Okawaru
Qazlal
Ru
Sif Muna
Trog
Uskayaw
Vehumet
Wu Jian
Xom
Zin

Shops:
D:2 =   D:9 (   D:10 [

Annotations:
D:10 exclusion: obsidian statue
D:11 Snorg
Temple 2 transporters


Innate Abilities, Weirdness & Mutations

You are too large for most types of armour.
You have claws for hands.
Your natural rate of healing is unusually fast.
You are covered in fur. (AC +1)
You have tough skin. (AC +1)


Message History

The Council accepts your kill.
No target in view!
No target in view!
You now have 774 gold pieces (gained 9).
Found a plate armour.
Found an escape hatch in the ceiling.
There is an escape hatch in the ceiling here.
You now have 784 gold pieces (gained 10).
f - 2 potions of lignification (gained 1)
V - a scroll labelled YNGOUT ZUME IKLIX
Found a leather armour.
Found a stone staircase leading up.
You see here a +0 leather armour.
There is a stone staircase leading up here.
Snorg the Insatiable comes into view.
Snorg shouts!
Snorg moves out of view.
Snorg is nearby!
Snorg goes berserk!
There is a stone staircase leading up here.
You mangle Snorg!!
Snorg is lightly wounded.
Snorg bites you but does no damage. Snorg barely misses you. Snorg claws you!
Snorg barely misses you. You block Snorg's attack. Snorg claws you!!
You barely miss Snorg.
Snorg is lightly wounded.
Snorg bites you. You block Snorg's attack. Snorg completely misses you.
You claw Snorg!
Snorg is lightly wounded.
Snorg bites you!! You block Snorg's attack. Snorg closely misses you.
You claw Snorg!
Snorg is moderately wounded.
You block Snorg's attack. Snorg claws you! Snorg completely misses you.
You mangle Snorg!!
Snorg is moderately wounded.
You block Snorg's attack. x2; Snorg claws you!
* * * LOW HITPOINT WARNING * * *
Snorg bites you!!
* * * LOW HITPOINT WARNING * * *
Snorg claws you but does no damage. Snorg claws you.
You die...

...........P.............#
P..).†.P....#..#######..##
P....P......#..# #
#..P.......##..#######.#
#...P..P...............#
###......#####.#.####..
####..########.#.# .....÷#
#....#[# ......# #.####@#
###...# #.# ##T## ##....#
#.###...##
......#####.##.....##.#.
..§.....÷.÷>............
§~.§.#.####.##.....##.#.
~_§....# #.###...## #
~§≈..### #.. ..... .§...#
#####.....


You could see Snorg (berserk).

Vanquished Creatures
  A hydra (D:11)
  2 two-headed ogres
  Erica (D:11)
  Pikel (D:5)
  An ugly thing (D:10)
  The ghost of TheUltimateLifeform the Cleaver, a novice HOFi of Beogh (D:4)
  An unseen horror (D:6)
  A troll (D:10)
  A hornet (D:8)
  25 yaks
  A wraith (D:9)
  3 steam dragons (D:10)
  Menkaure (D:6)
  2 water moccasins
  Duvessa (D:6)
  4 black bears
  3 orc warriors
  2 sky beasts (D:7)
  An ice beast (D:8)
  3 centaurs
  A lemure (D:6)
  A kobold brigand (D:9)
  6 bullfrogs
  A necrophage (D:5)
  2 gnoll sergeants
  3 scorpions
  Dowan (D:6)
  4 wights (D:9)
  12 killer bees
  An electric eel (D:8)
  6 howler monkeys
  8 orc priests
  2 hounds
  3 jellies
  3 iguanas
  17 orc wizards
  2 scorpion simulacra (D:4)
  8 gnolls
  9 adders
  2 hound simulacra (D:4)
  2 white imps
  An ufetubus (D:4)
  2 worms
  5 dart slugs
  65 orcs
  6 ball pythons
  5 endoplasms
  A giant cockroach (D:4)
  7 goblins
  6 hobgoblins
  5 jackals
  11 kobolds
  5 quokkas
  6 bats
  2 frilled lizards (D:2)
  A jackal simulacrum (D:4)
  7 rats
285 creatures vanquished.

Vanquished Creatures (others)
  An orc (D:7)
  32 fungi (D:11)
  39 plants (D:11)
72 creatures vanquished.

Grand Total: 357 creatures vanquished

Notes
Turn   | Place    | Note
-------+----------+-------------------------------------------
     0 | D:1      | LustLizard the Troll Fighter began the quest for the Orb.
     0 | D:1      | Reached XP level 1. HP: 22/22 MP: 0/0
   228 | D:1      | Reached XP level 2. HP: 29/29 MP: 1/1
   706 | D:2      | Found the +8 trident of the Octopus King {venom, rElec
                  | rPois}
   737 | D:2      | Found Cashrev's One-of-a-Kind Rings.
   859 | D:2      | Reached XP level 3. HP: 36/36 MP: 2/2
   938 | D:2      | Reached skill level 3 in Unarmed Combat
  1181 | D:2      | Found a faded altar of an unknown god.
  1731 | D:3      | Reached XP level 4. HP: 44/44 MP: 3/3
  1893 | D:3      | Reached skill level 4 in Unarmed Combat
  1893 | D:3      | Reached XP level 5. HP: 41/53 MP: 4/4
  2989 | D:4      | Noticed TheUltimateLifeform's ghost (novice HOFi)
  3020 | D:4      | Found a runed translucent gate.
  3020 | D:4      | Found a runed translucent gate.
  3020 | D:4      | Found a runed translucent gate.
  3556 | D:5      | Entered Level 5 of the Dungeon
  3613 | D:5      | Reached XP level 6. HP: 49/61 MP: 5/5
  3723 | D:5      | Found a bloodstained altar of Trog.
  3779 | D:5      | Reached skill level 5 in Unarmed Combat
  4086 | D:5      | Reached XP level 7. HP: 68/68 MP: 6/6
  4359 | D:5      | Noticed a two-headed ogre
  4387 | D:5      | Killed a two-headed ogre
  4388 | D:5      | Reached skill level 5 in Shields
  4388 | D:5      | Reached skill level 7 in Unarmed Combat
  4388 | D:5      | Reached XP level 8. HP: 41/79 MP: 7/7
  4630 | D:6      | Found a staircase to the Ecumenical Temple.
  4642 | Temple   | Entered the Ecumenical Temple
  4642 | Temple   | Found a transporter.
  4642 | Temple   | Found a transporter.
  4644 | Temple   | Found a transporter.
  4644 | Temple   | Found a transporter.
  4657 | Temple   | Became a worshipper of the Wu Jian Council
  4736 | D:6      | Noticed Menkaure
  4741 | D:6      | Killed Menkaure
  4878 | D:6      | Reached skill level 5 in Fighting
  4888 | D:6      | Noticed Pikel
  4919 | D:5      | Killed Pikel
  4920 | D:5      | Reached skill level 8 in Unarmed Combat
  5006 | D:6      | Identified the ring of Weckeomp {Fire Str+5}
  5172 | D:6      | Reached XP level 9. HP: 88/88 MP: 8/8
  5375 | D:7      | Found a radiant altar of Vehumet.
  5611 | D:6      | Noticed Duvessa
  5611 | D:6      | Noticed Dowan
  5655 | D:6      | Killed Duvessa
  5661 | D:6      | Killed Dowan
  5692 | D:6      | Noticed an unseen horror
  5700 | D:6      | Killed an unseen horror
  5700 | D:6      | Reached * piety under Wu Jian
  5701 | D:6      | Reached skill level 9 in Unarmed Combat
  6417 | D:8      | Reached skill level 10 in Unarmed Combat
  6682 | D:8      | Found a runed translucent door.
  6712 | D:8      | Reached XP level 10. HP: 85/100 MP: 9/9
  6887 | D:8      | Reached ** piety under Wu Jian
  7029 | D:8      | Reached skill level 11 in Unarmed Combat
  7095 | D:8      | Found a large runed translucent door.
  7097 | D:8      | Found a large runed translucent door.
  7590 | D:4      | Killed TheUltimateLifeform's ghost
  8019 | D:8      | Identified the +7 dagger of Ilubboump {spect, rPois Int+2}
  8124 | D:8      | Found a sacrificial altar of Ru.
  8132 | D:8      | Found a stormy altar of Qazlal.
  8487 | D:9      | Reached *** piety under Wu Jian
  8614 | D:9      | Noticed a two-headed ogre
  8627 | D:9      | Killed a two-headed ogre
  8628 | D:9      | Reached skill level 12 in Unarmed Combat
  8628 | D:9      | Reached XP level 11. HP: 83/109 MP: 10/10
  8691 | D:9      | Found Ehal's Weapon Shop.
  9555 | D:10     | Entered Level 10 of the Dungeon
  9619 | D:10     | Noticed a cyan ugly thing
  9636 | D:10     | Killed a cyan ugly thing
  9840 | D:10     | Found Poetzil's Armour Boutique.
  9841 | D:10     | Found a staircase to the Orcish Mines.
 10018 | D:10     | Noticed an obsidian statue
 10352 | D:11     | Noticed a four-headed hydra
 10365 | D:11     | Killed a four-headed hydra
 10379 | D:11     | Reached **** piety under Wu Jian
 10433 | D:11     | Found a stormy altar of Qazlal.
 10491 | D:11     | Noticed Erica
 10509 | D:11     | Killed Erica
 10521 | D:11     | Reached skill level 13 in Unarmed Combat
 10718 | D:11     | Found a staircase to the Lair.
 10878 | D:11     | Noticed Snorg
 10889 | D:11     | HP: 3/111 [Snorg (19)]
 10889 | D:11     | Slain by Snorg

Illustrated notes

Levels and vault maps discovered:
D:1:      psy_arrival_whirlpool, layout_basic, st_stairs_9, serial_park_tiny_2,
          hangedman_decor_clover_reticule
D:2:      layout_basic, ebering_ecumenical_altar_box, grunt_ministairs_1,
          nicolae_shop_unique_rings, corexii_corridor_pit
D:3:      layout_basic, minmay_misc_feat_ornament
D:4:      layout_basic, gammafunk_ghost_icy
D:5:      layout_loops_corners, mainiacjoe_overflow_boulevard,
          minmay_misc_feat_square
D:6:      layout_gridville, minmay_temple_entry_statues, uniq_duvessa,
          uniq_menkaure, uniq_pikel
D:7:      layout_basic, fiery_altar_vehumet
D:8:      layout_loops_ring, nicolae_overflow_hidden_temple,
          jmf_multi_god_temple2, kennysheep_pointless_box, minivault_19,
          hangedman_decor_slide_cut, lightli_church_of_beogh
D:9:      layout_layer_cave, serial_shops, shop, minivault_5
D:10:     cheibrodos_steamvent, layout_basic, orc_david_3, minmay_statue_bubble
D:11:     layout_loops_ring, due_lair_maze_entry_diamond,
          nicolae_qazlal_scattered_showers, uniq_erica, uniq_snorg, uniq_maurice
Temple:   hellmonk_temple_divided_pantheon

Skill      XL: |  1  2  3  4  5  6  7  8  9 10 11 |
---------------+----------------------------------+-----
Shields        | 3 4 5 6 7 8 |  8.9
Unarmed Combat | 3 4 5 7 8 10 12 13 | 13.0
Fighting       | 3 4 5 6 7 8 |  8.1
Dodging        | 3 4 |  4.9

Action                   |  1- 3 |  4- 6 |  7- 9 | 10-12 || total
-------------------------+-------+-------+-------+-------++-------
Melee: Unarmed           |   102 |   177 |   196 |   418 ||   893
       Trident           |       |       |       |     5 ||     5
Throw: Stone             |       |     2 |       |       ||     2
       Dart              |       |       |     4 |     2 ||     6
Invok: Lunge             |       |       |    13 |    32 ||    45
       Whirlwind         |       |       |       |    23 ||    23
  Use: Scroll            |       |     3 |     3 |     7 ||    13
       Potion            |       |       |     4 |     1 ||     5
 Stab: Sleeping          |     1 |       |       |       ||     1
       Distracted        |       |       |     1 |       ||     1
Armor: Robe              |    25 |    69 |    71 |   108 ||   273
Dodge: Dodged            |    35 |    57 |    81 |   158 ||   331
Block: Kite shield       |    33 |    58 |    66 |   228 ||   385
       Reflection        |       |       |       |    10 ||    10
